SAAA
SALT LAKE CITY BUZZ @ CALGARY LYNX
07/17/2028
 
TOP OF THE 1ST
Salt Lake City Buzz batting - Pitching for Calgary Lynx : LHP Octávio Fernández
Pitching: LHP Octávio Fernández
Batting: RHB Alejandro Herrera 0-0: Called Strike
0-1: Ball
1-1: Foul Ball, location: 2F
1-2: Ball
2-2: Foul Ball, location: 2F
2-2: Foul Ball, location: 2F
2-2: Ground out 4-3 (Groundball, 4)
Batting: LHB Frank Sharp 0-0: Ball
1-0: Called Strike
1-1: Foul Ball, location: 2F
1-2: Foul Ball, location: 2F
1-2: Foul Ball, location: 2F
1-2: Ball
2-2: Ground out 5-3 (Groundball, 56S)
Batting: RHB Vicente Cruz 0-0: Fly out, F8 (Flyball, 8LD)
Top of the 1st over - 0 run(s), 0 hit(s), 0 error(s), 0 left on base; Salt Lake City 0 - Calgary 0
BOTTOM OF THE 1ST
Calgary Lynx batting - Pitching for Salt Lake City Buzz : RHP Caleb Sobieski
Pitching: RHP Caleb Sobieski
Batting: RHB José Jarca 0-0: Ball
1-0: Called Strike
1-1: Fly out, F9 (Flyball, 9S)
Batting: RHB Logan Namajunas 0-0: Ball
1-0: SINGLE (Line Drive, 6MD)
Batting: LHB Herman Hayes 0-0: Called Strike
0-1: Fly out, F8 (Flyball, 78M)
Batting: RHB Gilberto Rodríguez 0-0: Ball
Logan Namajunas is caught stealing 2nd base
Bottom of the 1st over - 0 run(s), 1 hit(s), 0 error(s), 0 left on base; Salt Lake City 0 - Calgary 0
TOP OF THE 2ND
Salt Lake City Buzz batting - Pitching for Calgary Lynx : LHP Octávio Fernández
Batting: LHB Yannick Hendriksen 0-0: Foul Ball, location: 2F
0-1: Hit by Pitch
Batting: RHB Jung-hwan Kwon 0-0: Ball
1-0: Reached on error, E5 (Groundball, 56)
Yannick Hendriksen to second
Batting: LHB Roberto Soto 0-0: Ball
1-0: Ball
2-0: Fly out, F7 (Flyball, 7S)
Batting: LHB Randy Schlosser 0-0: Called Strike
0-1: Foul Ball, location: 2F
0-2: Ball
1-2: Ball
2-2: Ball
3-2: Strikes out looking
Batting: RHB Thom Wilcox 0-0: Called Strike
0-1: Ball
1-1: Foul Ball, location: 2F
1-2: SINGLE (Flyball, 7S)
Yannick Hendriksen to third
Jung-hwan Kwon to second
Runner from 3rd tries for Home, SAFE, no throw
Batting: RHB Quigley Gibson 0-0: Ball
1-0: Called Strike
1-1: Ball
2-1: Ball
3-1: Base on Balls
Jung-hwan Kwon to third
Thom Wilcox to second
Batting: RHB Alejandro Herrera 0-0: Ball
1-0: Hit by Pitch
Jung-hwan Kwon scores
Thom Wilcox to third
Quigley Gibson to second
Batting: LHB Frank Sharp 0-0: Fly out, F7 (Line Drive, 78M)
Top of the 2nd over - 2 run(s), 1 hit(s), 1 error(s), 3 left on base; Salt Lake City 2 - Calgary 0
BOTTOM OF THE 2ND
Calgary Lynx batting - Pitching for Salt Lake City Buzz : RHP Caleb Sobieski
Batting: RHB Gilberto Rodríguez 0-0: Ball
1-0: Ground out 5-3 (Groundball, 56S)
Batting: RHB Hieu De 0-0: Called Strike
0-1: Foul Ball, location: 2F
0-2: Strikes out swinging
Batting: RHB Álex Estrada 0-0: Ball
1-0: Foul Ball, location: 2F
1-1: Ball
2-1: Hit by Pitch
Batting: RHB Miguel Rosales 0-0: Called Strike
Álex Estrada is caught stealing 2nd base
Bottom of the 2nd over - 0 run(s), 0 hit(s), 0 error(s), 0 left on base; Salt Lake City 2 - Calgary 0
TOP OF THE 3RD
Salt Lake City Buzz batting - Pitching for Calgary Lynx : LHP Octávio Fernández
Batting: RHB Vicente Cruz 0-0: Called Strike
0-1: Foul Ball, location: 2F
0-2: Ball
1-2: Ball
2-2: Strikes out swinging
Batting: LHB Yannick Hendriksen 0-0: Ball
1-0: Foul Ball, location: 2F
1-1: Ball
2-1: Ball
3-1: Ground out 4-3 (Groundball, 4MD)
Batting: RHB Jung-hwan Kwon 0-0: Called Strike
0-1: Ball
1-1: Ball
2-1: Fly out, F9 (Flyball, 9)
Top of the 3rd over - 0 run(s), 0 hit(s), 0 error(s), 0 left on base; Salt Lake City 2 - Calgary 0
BOTTOM OF THE 3RD
Calgary Lynx batting - Pitching for Salt Lake City Buzz : RHP Caleb Sobieski
Batting: RHB Miguel Rosales 0-0: Ball
1-0: Foul Ball, location: 2F
1-1: SINGLE (Flyball, 8RS)
Batting: RHB Michael Garrett 0-0: Called Strike
0-1: DOUBLE (Line Drive, 8RD)
Miguel Rosales to third
Batting: RHB Bass Reeves 0-0: Ball
1-0: Ball
2-0: Called Strike
2-1: Ball
3-1: Called Strike
3-2: Base on Balls
Batting: RHB José Jarca 0-0: Ball
1-0: Foul Ball, location: 2F
1-1: Swinging Strike
1-2: Strikes out swinging
Batting: RHB Logan Namajunas 0-0: Ball
1-0: Called Strike
1-1: Foul Ball, location: 2F
1-2: Ball
2-2: Ball
3-2: Base on Balls
Miguel Rosales scores
Michael Garrett to third
Bass Reeves to second
Batting: LHB Herman Hayes 0-0: Foul Ball, location: 2F
0-1: Called Strike
0-2: Ball
1-2: Grounds into double play, 6-4-3 (Groundball, 6)
Bottom of the 3rd over - 1 run(s), 2 hit(s), 0 error(s), 2 left on base; Salt Lake City 2 - Calgary 1
TOP OF THE 4TH
Salt Lake City Buzz batting - Pitching for Calgary Lynx : LHP Octávio Fernández
Batting: LHB Roberto Soto 0-0: Ball
1-0: Called Strike
1-1: Swinging Strike
1-2: Foul Ball, location: 2F
1-2: Strikes out swinging
Batting: LHB Randy Schlosser 0-0: Ball
1-0: Ball
2-0: Ball
3-0: Called Strike
3-1: SINGLE (Groundball, 6M) (infield hit)
Batting: RHB Thom Wilcox 0-0: Ball
Wild Pitch!
Randy Schlosser to second
1-0: Ground out 6-3 (Groundball, 6)
Batting: RHB Quigley Gibson 0-0: Called Strike
0-1: Ball
1-1: Called Strike
1-2: Ball
2-2: Foul Ball, location: 2F
2-2: Foul Ball, location: 2F
2-2: Strikes out swinging, 2-3 out at first.
Top of the 4th over - 0 run(s), 1 hit(s), 0 error(s), 1 left on base; Salt Lake City 2 - Calgary 1
BOTTOM OF THE 4TH
Calgary Lynx batting - Pitching for Salt Lake City Buzz : RHP Caleb Sobieski
Batting: RHB Gilberto Rodríguez 0-0: Swinging Strike
0-1: Called Strike
0-2: Ball
1-2: Ball
2-2: Foul Ball, location: 2F
2-2: Foul Ball, location: 2F
2-2: Ground out 5-3 (Groundball, 56)
Batting: RHB Hieu De 0-0: Ball
1-0: Ball
2-0: Called Strike
2-1: Foul Ball, location: 2F
2-2: Foul Ball, location: 2F
2-2: Foul Ball, location: 2F
2-2: Ball
3-2: Ground out 6-3 (Groundball, 6)
Batting: RHB Álex Estrada 0-0: Foul Ball, location: 2F
0-1: Foul Ball, location: 2F
0-2: Ball
1-2: Foul Ball, location: 2F
1-2: Ball
2-2: Ball
3-2: Base on Balls
Batting: RHB Miguel Rosales 0-0: Ball
Álex Estrada is caught stealing 2nd base
Bottom of the 4th over - 0 run(s), 0 hit(s), 0 error(s), 0 left on base; Salt Lake City 2 - Calgary 1
TOP OF THE 5TH
Salt Lake City Buzz batting - Pitching for Calgary Lynx : LHP Octávio Fernández
Batting: RHB Alejandro Herrera 0-0: Called Strike
0-1: Ball
1-1: Ball
2-1: Ball
3-1: Base on Balls
Batting: LHB Frank Sharp 0-0: Ball
1-0: Bunted foul
1-1: Ball
2-1: Ball
3-1: Bunted foul
3-2: Base on Balls
Alejandro Herrera to second
Batting: RHB Vicente Cruz 0-0: Fielders Choice at 2nd, 1-6 (Groundball, 13)
Alejandro Herrera to third
Batting: LHB Yannick Hendriksen 0-0: Ball
1-0: DOUBLE (Flyball, 8RXD)
Alejandro Herrera scores
Vicente Cruz to third
Batting: RHB Jung-hwan Kwon 0-0: Ball
1-0: Foul Ball, location: 2F
1-1: Ball
2-1: Hit by Pitch
Batting: LHB Roberto Soto 0-0: Called Strike
0-1: Ball
1-1: Called Strike
1-2: Ball
2-2: Ball
3-2: Fly out, F8 (Flyball, 78D)
Runner from 3rd tags up, SCORES, no throw
Batting: LHB Randy Schlosser 0-0: Ball
1-0: Foul Ball, location: 2F
1-1: Ball
2-1: Ball
3-1: Base on Balls
Yannick Hendriksen to third
Jung-hwan Kwon to second
Batting: RHB Thom Wilcox 0-0: Called Strike
0-1: Ball
Balk!
Yannick Hendriksen scores
Jung-hwan Kwon to third
Randy Schlosser to second
1-1: Called Strike
1-2: Strikes out swinging
Top of the 5th over - 3 run(s), 1 hit(s), 0 error(s), 2 left on base; Salt Lake City 5 - Calgary 1
BOTTOM OF THE 5TH
Calgary Lynx batting - Pitching for Salt Lake City Buzz : RHP Caleb Sobieski
Batting: RHB Miguel Rosales 0-0: Ball
1-0: Ball
2-0: Ball
3-0: Base on Balls
Batting: RHB Michael Garrett 0-0: Ball
1-0: Called Strike
1-1: Foul Ball, location: 2F
1-2: Ball
2-2: Fly out, F4 (Flyball, 34D)
Batting: RHB Bass Reeves 0-0: Swinging Strike
0-1: Swinging Strike
0-2: Foul Ball, location: 2F
0-2: Ball
1-2: Ball
2-2: SINGLE (Groundball, 6D)
Miguel Rosales to second
Batting: RHB José Jarca 0-0: Ball
1-0: Ground out 6-3 (Groundball, 6S)
Miguel Rosales to third
Bass Reeves to second
Batting: RHB Logan Namajunas 0-0: Foul Ball, location: 2F
0-1: Ball
1-1: Fly out, F9 (Flyball, 89D)
Bottom of the 5th over - 0 run(s), 1 hit(s), 0 error(s), 2 left on base; Salt Lake City 5 - Calgary 1
TOP OF THE 6TH
Salt Lake City Buzz batting - Pitching for Calgary Lynx : LHP Octávio Fernández
Pitching: RHP Roberto De La Cruz
Batting: RHB Quigley Gibson 0-0: SINGLE (Line Drive, 56)
Batting: RHB Alejandro Herrera 0-0: Sac Bunt - play at first, batter OUT! 1-3
Quigley Gibson to second
Batting: LHB Frank Sharp 0-0: Called Strike
0-1: Fly out, F8 (Flyball, 8LM)
Batting: RHB Vicente Cruz 0-0: Ball
1-0: Called Strike
1-1: Ball
2-1: Fly out, F5 (Line Drive, 56)
Top of the 6th over - 0 run(s), 1 hit(s), 0 error(s), 1 left on base; Salt Lake City 5 - Calgary 1
BOTTOM OF THE 6TH
Calgary Lynx batting - Pitching for Salt Lake City Buzz : RHP Caleb Sobieski
Batting: LHB Herman Hayes 0-0: Fly out, F7 (Flyball, 7)
Batting: RHB Gilberto Rodríguez 0-0: Ball
1-0: Ball
2-0: Ball
3-0: Called Strike
3-1: Called Strike
3-2: Foul Ball, location: 2F
3-2: Strikes out swinging
Batting: RHB Hieu De 0-0: Ball
1-0: Ball
2-0: Ball
3-0: Called Strike
3-1: Called Strike
3-2: Fly out, F8 (Flyball, 8RS)
Bottom of the 6th over - 0 run(s), 0 hit(s), 0 error(s), 0 left on base; Salt Lake City 5 - Calgary 1
TOP OF THE 7TH
Salt Lake City Buzz batting - Pitching for Calgary Lynx : RHP Roberto De La Cruz
Batting: LHB Yannick Hendriksen 0-0: Fly out, F4 (Line Drive, 4)
Batting: RHB Jung-hwan Kwon 0-0: Ground out 5-3 (Groundball, 25)
Batting: LHB Roberto Soto 0-0: Fly out, F5 (Line Drive, 5S)
Top of the 7th over - 0 run(s), 0 hit(s), 0 error(s), 0 left on base; Salt Lake City 5 - Calgary 1
BOTTOM OF THE 7TH
Calgary Lynx batting - Pitching for Salt Lake City Buzz : RHP Caleb Sobieski
Pitching: RHP Powell Horne
Batting: RHB Álex Estrada 0-0: Foul Ball, location: 2F
0-1: Fly out, F4 (Popup, 4D)
Batting: RHB Miguel Rosales 0-0: Ball
1-0: Ball
2-0: Foul Ball, location: 2F
2-1: Called Strike
2-2: Ball
3-2: Foul Ball, location: 2F
3-2: Ground out 4-3 (Groundball, 4)
Batting: RHB Michael Garrett 0-0: Ball
1-0: Ball
2-0: Called Strike
2-1: Swinging Strike
2-2: Ball
3-2: Base on Balls
Batting: RHB Bass Reeves 0-0: Ball
1-0: Called Strike
1-1: Swinging Strike
1-2: Fielders Choice at 2nd, 6-4 (Groundball, 6)
Bottom of the 7th over - 0 run(s), 0 hit(s), 0 error(s), 0 left on base; Salt Lake City 5 - Calgary 1
TOP OF THE 8TH
Salt Lake City Buzz batting - Pitching for Calgary Lynx : RHP Roberto De La Cruz
Batting: LHB Randy Schlosser 0-0: Ball
1-0: Swinging Strike
1-1: Swinging Strike
1-2: Ground out 6-3 (Groundball, 6D)
Batting: RHB Thom Wilcox 0-0: Called Strike
0-1: Foul Ball, location: 2F
0-2: Ball
1-2: Foul Ball, location: 2F
1-2: Foul Ball, location: 2F
1-2: Foul Ball, location: 2F
1-2: SINGLE (Groundball, 56D)
Batting: RHB Quigley Gibson 0-0: Ball
1-0: SINGLE (Line Drive, 8LS)
Thom Wilcox to second
Batting: RHB Alejandro Herrera 0-0: Called Strike
0-1: Ball
1-1: Grounds into double play, 4-6-3 (Groundball, 4)
Top of the 8th over - 0 run(s), 2 hit(s), 0 error(s), 1 left on base; Salt Lake City 5 - Calgary 1
BOTTOM OF THE 8TH
Calgary Lynx batting - Pitching for Salt Lake City Buzz : RHP Powell Horne
Batting: RHB José Jarca 0-0: Ball
1-0: Swinging Strike
1-1: Swinging Strike
1-2: Strikes out looking
Batting: RHB Logan Namajunas 0-0: Ball
1-0: Foul Ball, location: 2F
1-1: SINGLE (Groundball, 56) (infield hit)
Batting: LHB Herman Hayes 0-0: Ball
1-0: Ball
2-0: Called Strike
2-1: Ball
Wild Pitch!
Logan Namajunas to second
3-1: Foul Ball, location: 2F
3-2: Foul Ball, location: 2F
3-2: Foul Ball, location: 2F
3-2: Strikes out swinging
Pitching: RHP Lorenzo López
Batting: RHB Gilberto Rodríguez 0-0: Foul Ball, location: 2F
0-1: Ball
1-1: Foul Ball, location: 2F
1-2: 2-RUN HOME RUN (Flyball, 7D), Distance : 389 ft
Batting: RHB Hieu De 0-0: Foul Ball, location: 2F
0-1: Foul Ball, location: 2F
0-2: SINGLE (Flyball, 8LS)
Batting: RHB Álex Estrada 0-0: Ball
1-0: Called Strike
1-1: Foul Ball, location: 2F
1-2: Ball
2-2: Fly out, F8 (Flyball, 8LS)
Bottom of the 8th over - 2 run(s), 3 hit(s), 0 error(s), 1 left on base; Salt Lake City 5 - Calgary 3
TOP OF THE 9TH
Salt Lake City Buzz batting - Pitching for Calgary Lynx : RHP Roberto De La Cruz
Batting: LHB Frank Sharp 0-0: Ball
1-0: Called Strike
1-1: Ground out 6-3 (Groundball, 6)
Batting: RHB Vicente Cruz 0-0: Ball
1-0: Called Strike
1-1: Ground out 6-3 (Groundball, 56)
Batting: LHB Yannick Hendriksen 0-0: Foul Ball, location: 2F
0-1: Swinging Strike
0-2: Ball
1-2: Strikes out swinging
Top of the 9th over - 0 run(s), 0 hit(s), 0 error(s), 0 left on base; Salt Lake City 5 - Calgary 3
BOTTOM OF THE 9TH
Calgary Lynx batting - Pitching for Salt Lake City Buzz : RHP Lorenzo López
Pitching: RHP Luis Bejarano
Batting: RHB Miguel Rosales 0-0: Ball
1-0: Ball
2-0: Foul Ball, location: 2F
2-1: Ball
3-1: Ground out 1-3 (Groundball, 15)
Batting: RHB Michael Garrett 0-0: Ball
1-0: Called Strike
1-1: Ball
2-1: Ground out 4-3 (Groundball, 4)
Batting: RHB Bass Reeves 0-0: Ball
1-0: Swinging Strike
1-1: Ball
2-1: SINGLE (Line Drive, 56)
Batting: RHB José Jarca 0-0: Ball
1-0: Ball
2-0: Ball
3-0: Called Strike
3-1: Foul Ball, location: 2F
3-2: Fly out, F8 (Flyball, 8LM)
Bottom of the 9th over - 0 run(s), 1 hit(s), 0 error(s), 1 left on base; Salt Lake City 5 - Calgary 3
Wednesday, August 16th, 2017 - OOTP Baseball 17.12 Build 75